 Seeded DCSS version 0.28-a0-823-gb444dcf96d (webtiles) character file.

Game seed: 5494768922653061978 (custom seed)

10 croobank the Ducker (level 2, -1/14 HPs)
             Began as a Felid Chaos Knight on Nov 9, 2021.
             Was a Plaything of Xom.
             Slain by Natasha (2 damage)
             ... on level 2 of the Dungeon.
             The game lasted 00:01:50 (292 turns).

croobank the Ducker (Felid Chaos Knight)             Turns: 292, Time: 00:02:05

Health: -1/14      AC:  1    Str:  8    XL:     2   Next: 10%
Magic:  3/3        EV: 17    Int: 13    God:    Xom [..*...]
Gold:   7          SH:  0    Dex: 15    Spells: 1/1 levels left
                                        Lives:  0   Deaths: 0

rFire   . . .      SeeInvis +     - Unarmed
rCold   . . .      Faith    .   (shield unavailable)
rNeg    . . .      Spirit   .   (armour unavailable)
rPois   .          Reflect  .   (helmet unavailable)
rElec   .          Harm     .   (cloak unavailable)
rCorr   .          Rampage  .   (gloves unavailable)
Will    .....                   (boots unavailable)
Stlth   +.........              (no amulet)
HPRegen 0.04/turn               (no ring)
MPRegen 0.08/turn               (no ring)

@: quick
A: very small, claws 1, fangs 3, see invisible, speed 1, shaggy fur 1, stealthy
paws, no weapons or thrown items, no armour, multi-lived
a: Renounce Religion


You were on level 2 of the Dungeon.
You worshipped Xom.
You were a toy of Xom.
You visited 1 branch of the dungeon, and saw 2 of its levels.

You collected 7 gold pieces.

Inventory:

Scrolls
 b - a scroll of noise {unknown}


   Skills:
 + Level 3.2 Fighting
 + Level 3.3 Dodging
 + Level 3.2 Unarmed Combat


You had one spell level left.
You didn't know any spells.
Your spell library was empty.

Dungeon Overview and Level Annotations

Branches:
Dungeon (2/15)

Altars:

Annotations:
D:2 Natasha


Innate Abilities, Weirdness & Mutations

You have sharp claws.
You have razor-sharp teeth.
You have supernaturally acute eyesight. (SInv)
You cover ground quickly. (Speed+)
You are covered in fur. (AC +1)
Your paws help you pounce on unaware monsters.
You are incapable of wielding weapons or throwing items.
You cannot wear armour.
You gain extra lives every three experience levels.


Message History

A hobgoblin comes into view.
You closely miss the hobgoblin.
You bite the hobgoblin, but do no damage.
Natasha howls an incantation.
Natasha shimmers violently.
The hobgoblin barely misses you.
You scratch the hobgoblin. Your bite misses the hobgoblin.
The hobgoblin is almost dead.
Your shadow imp barely misses the hobgoblin.
The hobgoblin hits you but does no damage.
You scratch the hobgoblin.
You kill the hobgoblin!
Your shadow imp hits Natasha but does no damage.
Natasha claws you!
Ouch! That really hurt!
You closely miss Natasha.
Xom asks Qazlal to spice things up a little.
You are now a toy of Xom.
Your shadow imp closely misses Natasha.
Natasha closely misses you.
Unknown command.
Your shadow imp barely misses Natasha.
Something completely misses your shadow imp.
Natasha casts a spell.
You barely miss Natasha.
Your shadow imp hits Natasha but does no damage.
Something hits your shadow imp. Natasha closely misses you.
You scratch Natasha.
Natasha is lightly wounded.
Your shadow imp hits Natasha.
Something barely misses your shadow imp.
Natasha claws you.
* * * LOW HITPOINT WARNING * * *
It was a potion of cancellation.
You feel magically purged.
Xom is amused.
The crimson imp closely misses your shadow imp.
Your shadow imp hits Natasha.
Something closely misses your shadow imp.
Natasha claws you.
You die...
Xom snickers!

#...# #...# ##...##
# # #.....# #.#)
#######.....# #.$g.
#..>.....)..#
#..5####.#####.....#
#..5h@§§...........#
##.§####.#####...###
.... #.# ##.## $###
#.# #.#
#.######.####
#...........#
#.######.##.#
#....###.##.#
#....[##.##†#


You could see Natasha (ally target), a crimson imp (summoned) and a friendly
shadow imp (summoned).

Vanquished Creatures
  An adder (D:2)
  A hobgoblin (D:2)
2 creatures vanquished.

Notes
Turn   | Place    | Note
-------+----------+-------------------------------------------
     0 | D:1      | croobank the Felid Chaos Knight began the quest for the
                  | Orb.
     0 | D:1      | Reached XP level 1. HP: 10/10 MP: 2/2
     5 | D:1      | XOM: silly message
    55 | D:2      | Reached XP level 2. HP: 7/14 MP: 3/3
    72 | D:2      | XOM: cloud trail
   284 | D:2      | XOM: summons friendly shadow imp
   284 | D:2      | Noticed Natasha
   288 | D:2      | XOM: fog
   290 | D:2      | Noticed a crimson imp
   292 | D:2      | Slain by Natasha

Illustrated notes

Levels and vault maps discovered:
D:1:      kennysheep_arrival_seaside, layout_basic, basic_ecumenical_altar
D:2:      layout_loops_ring, bh_walls_and_bars, uniq_terence, uniq_natasha

Action                   || total
-------------------------++-------
Melee: Unarmed           ||    15
       Bite              ||     1
  Use: Potion            ||     1
Armor: Skin              ||     2
Dodge: Dodged            ||    11

Table legend: (Time is in decaauts)
 A = Elapsed time spent in this place.
 B = Non-inter-level travel time spent in this place.
 C = Inter-level travel time spent in this place.
 D = Time resting spent in this place.
 E = Time spent auto-exploring this place.
 F = Levels seen in this place.
 G = Mean time per level.
                   A        B        C        D        E       F      G
               +--------+--------+--------+--------+--------+-----+--------+
         Total |    269 |    269 |      0 |    162 |     68 |   2 |  134.5 |
       Dungeon |    269 |    269 |      0 |    162 |     68 |   2 |  134.5 |
               +--------+--------+--------+--------+--------+-----+--------+

Top non-repeatable levels by time:
     D:2: 242 daAuts
     D:1: 26 daAuts
